[Event "*** Titled Tuesday Blitz"]
[Site "Chess.com"]
[Date "2019.05.07"]
[Round "6"]
[White "kleinebeer98"]
[Black "Thjop"]
[Result "0-1"]
[WhiteElo "2690"]
[BlackElo "2561"]
[TimeControl "180+2"]
[EndTime "14:25:59 PDT"]
[Termination "Thjop won by checkmate"]

1. e4 e6 2. d4 d5 3. Bd3 dxe4 4.
Bxe4 Nf6 5. Bf3 c5 6. Ne2 Nc6 7. Be3 cxd4 8. Nxd4 Ne5 9. Nc3 a6 10. Qe2 Nxf3+ 11. Qxf3 e5 12. Nf5 Qa5 13. Ng3 Bb4 14.
O-O Bxc3 15. bxc3 Qxc3 16. Rab1 O-O 17. Rb6 Be6 18. Qxb7 Qxc2 19. Rxa6 Rxa6 20. Qxa6 Qxa2 21. Qd6 Qd5 22. Qa3 Ra8 23. Qb2 h5 24. Bg5 Nh7 25. Qc1 f6 26. Be3 h4 27. Rd1 Qb7 28. Nh5 h3 29. gxh3 Bxh3 30. Qc4+ Kh8 31. Rd5 Qxd5 32. Qxd5 Ra1+ 33. Qd1 Rxd1# 0-1

[Event "*** Titled Tuesday Blitz"]
[Site "Chess.com"]
[Date "2019.05.07"]
[Round "6"]
[White "XiaoKangZhong"]
[Black "Komissarov_alex"]
[Result "1-0"]
[WhiteElo "2243"]
[BlackElo "2119"]
[TimeControl "180+2"]
[EndTime "14:25:59 PDT"]
[Termination "XiaoKangZhong won on time"]

1. e4 e5 2. Nf3 Nc6 3. Bc4 Nf6 4. d3 d5 5. exd5 Nxd5 6. O-O Bc5 7.
Re1 O-O 8. a3 Nf6 9. b4 Bb6 10.
b5 Na5 11. Nxe5 Qd4 12. c3 Qxf2+ 13. Kh1 Nxc4 14. Nxc4 Ng4 15. Nxb6 Qh4 16. Bf4 Nf2+ 17. Kg1 Nxd1 18. Bg3 Qh5 19. Nxa8 Nb2 20. Nd2 Nxd3 21. Re3 Qc5 22. Nf1 Bg4 23. Nxc7 Be2 24. Nd5 Bxf1 25. Rxf1 Qxd5 26. Rd1 Qc5 27. Rxd3 Re8 28. Bf2 Rxe3 29. Bxe3 Qc8 30. Bxa7 h5 31. Bb6 Qc4 32. Rg3 Qxb5 33.
Bd4 g6 34. Re3 Qb1+ 35. Kf2 Qa2+ 36. Kg3 1-0

[Event "*** Titled Tuesday Blitz"]
[Site "Chess.com"]
[Date "2019.05.07"]
[Round "6"]
[White "dsanchez1973"]
[Black "mjray79"]
[Result "1-0"]
[WhiteElo "2058"]
[BlackElo "2112"]
[TimeControl "180+2"]
[EndTime "14:26:00 PDT"]
[Termination "dsanchez1973 won by checkmate"]

1. e4 e5 2. Nf3 Nc6 3. d4 exd4 4.
c3 dxc3 5. Bc4 h6 6. O-O Nf6 7. e5 Nh7 8. Nxc3 Bb4 9. Nd5 Bc5 10. Qe2 O-O 11. Rd1 a6 12. Bb3 d6 13. Bc2 Bg4 14. Qe4 f5 15. exf6 Nxf6 16. Nxf6+ Qxf6 17. Qxg4 Nd4 18. Be4 Rae8 19. Bd5+ Kh8 20. Be3 Ne2+ 21. Kh1 Bxe3 22.
fxe3 Rxe3 23. Bxb7 Qxb2 24. Bxa6 Nc3 25. Rf1 Ne4 26.
Qh4 Ra3 27. Bc4 Nf6 28. Bb3 Qc3 29. Rac1 Qa5 30. Ng5 Nh7 31. Nxh7 Rxf1+ 32. Rxf1 Kxh7 33. Qe4+ g6 34. Qe7+ Kh8 35. Rf8# 1-0

[Event "*** Titled Tuesday Blitz"]
[Site "Chess.com"]
[Date "2019.05.07"]
[Round "6"]
[White "AlexandraBotez"]
[Black "kinga2008"]
[Result "1-0"]
[WhiteElo "2000"]
[BlackElo "1934"]
[TimeControl "180+2"]
[EndTime "14:26:01 PDT"]
[Termination "AlexandraBotez won on time"]

1. Nf3 d5 2. d3 c5 3. g3 Nc6 4. Bg2 e5 5. O-O Bd6 6. Re1 Nge7 7. c3 Ng6 8. Nbd2 h5 9. h4 Be6 10. e4 d4 11. Qc2 Qc8 12. Ng5 Bd7 13. Nc4 Bc7 14. a4 a6 15. a5 f6 16. Nf3 Bh3 17.
Bd2 Bxg2 18. Kxg2 Qg4 19. Rh1 Nd8 20. Qa4+ Ke7 21. Nh2 Nxh4+ 22. Kg1 Nf3+ 23. Nxf3 Qxf3 24. Qc2 h4 25. Be1 Ne6 26. Qd1 Ng5 27. Qxf3 Nxf3+ 28. Kg2 Nxe1+ 29. Raxe1 hxg3 30. fxg3 Rh6 31. Rxh6 gxh6 32. Rh1 Rh8 33. Kf3 h5 34. Rh4 Ke6 35. Kf2 f5 36. Kf3 Kf6 37. cxd4 cxd4 38. b4 Kg5 39. Rh2 1-0

[Event "*** Titled Tuesday Blitz"]
[Site "Chess.com"]
[Date "2019.05.07"]
[Round "6"]
[White "platy3"]
[Black "champ2005"]
[Result "1/2-1/2"]
[WhiteElo "2780"]
[BlackElo "2891"]
[TimeControl "180+2"]
[EndTime "14:26:03 PDT"]
[Termination "Game drawn by repetition"]

1. e4 e5 2. Nf3 Nf6 3. Nxe5 d6 4.
Nf3 Nxe4 5. Nc3 Nxc3 6. dxc3 Be7 7. Be3 O-O 8. Qd2 Nd7 9. O-O-O Nf6 10. h3 c5 11. Kb1 Qa5 12. c4 Qxd2 13. Rxd2 Be6 14. Be2 d5 15. Ng5 d4 16. Bf4 Bf5 17. g4 Bg6 18. Bd3 Rfe8 19. Re2 Bf8 20. Rhe1 h6 21. Rxe8 Rxe8 22. Rxe8 Nxe8 23. Nf3 Bxd3 24. cxd3 f6 25. Kc1 Bd6 26. Bxd6 Nxd6 27. Kd2 g5 28. Ke2 Kf7 29.
Nd2 Ke6 30. Kf3 f5 31. Kg3 Ke5 32. Nf3+ Kf6 33. h4 Nf7 34. hxg5+ hxg5 35. Kh3 Nh6 36. Nh2 Nf7 37. Nf3 b6 38. Kg3 a6 39. Kh3 b5 40. b3 b4 41. Kg3 a5 42.
Kh3 Nh6 43. Nh2 Nf7 44. Nf3 Nh6 45. Nh2 Nf7 46. Nf3 1/2-1/2

[Event "*** Titled Tuesday Blitz"]
[Site "Chess.com"]
[Date "2019.05.07"]
[Round "6"]
[White "M1711"]
[Black "mikhaillushenkov"]
[Result "0-1"]
[WhiteElo "2458"]
[BlackElo "2750"]
[TimeControl "180+2"]
[EndTime "14:26:03 PDT"]
[Termination "mikhaillushenkov won by resignation"]

1. e4 e6 2. d4 d5 3. e5 c5 4. c3 Qb6 5. Nf3 Nc6 6. a3 Bd7 7. b4 cxd4 8. cxd4 Rc8 9. Be2 Nge7 10. Be3 Nf5 11. O-O Be7 12. g4 Nxe3 13. fxe3 O-O 14. Nbd2 Nd8 15. Rc1 Rxc1 16. Qxc1 f6 17. Nb3 Nf7 18.
exf6 gxf6 19. Nc5 Bc8 20. h3 Qd6 21. Kg2 e5 22. Nh4 e4 23. Nb3 Nh6 24. Nf5 Nxf5 25.
gxf5 Kh8 26. Rf4 Rg8+ 27. Kf2 b6 28. Bg4 Bd7 29. Qf1 Bf8 30. Ke1 Bh6 31. Nd2 Bxf4 32.
exf4 Rc8 33. Qa6 Qxf4 34. Qxa7 Rc2 35. Qb8+ Qxb8 0-1

[Event "*** Titled Tuesday Blitz"]
[Site "Chess.com"]
[Date "2019.05.07"]
[Round "6"]
[White "GukeshDommaraju"]
[Black "Manukyan_Artak"]
[Result "0-1"]
[WhiteElo "2603"]
[BlackElo "2431"]
[TimeControl "180+2"]
[EndTime "14:26:04 PDT"]
[Termination "Manukyan_Artak won by resignation"]

1. d4 c6 2. c4 d5 3. Nc3 Nf6 4.
Nf3 e6 5. Bg5 dxc4 6. e4 b5 7. e5 h6 8. Bh4 g5 9. Nxg5 hxg5 10.
Bxg5 Nbd7 11. exf6 Bb7 12. h4 Qb6 13. a4 O-O-O 14. a5 Qc7 15. a6 Ba8 16. Qf3 Nb6 17.
Be2 c5 18. Qg4 Rxd4 19. Qh3 Bc6 20. Be3 b4 21. Bxd4 cxd4 22. Nd1 d3 23. Bf3 d2+ 24.
Kxd2 Bh6+ 25. Ke1 Bb5 26. Ne3 c3 27. Bb7+ Kb8 28. b3 c2 29. Nc4 Bxc4 30. bxc4 Qe5+ 0-1

[Event "*** Titled Tuesday Blitz"]
[Site "Chess.com"]
[Date "2019.05.07"]
[Round "6"]
[White "Hikaru"]
[Black "valeriocarnicelli"]
[Result "1-0"]
[WhiteElo "3206"]
[BlackElo "2530"]
[TimeControl "180+2"]
[EndTime "14:26:06 PDT"]
[Termination "Hikaru won by resignation"]

1. Nf3 Nf6 2. b3 g6 3. Bb2 Bg7 4. d4 O-O 5. e3 d6 6. Be2 Nbd7 7.
O-O c6 8. a4 Re8 9. a5 Qc7 10.
Nbd2 e5 11. dxe5 dxe5 12. Nc4 e4 13. Nfd2 Nc5 14. Bd4 Qe7 15. Qc1 Ne6 16. Be5 Ng5 17. h4 Ne6 18. Ra4 Nc5 19. Bd6 Nxa4 20. Bxe7 Nc3 21. Re1 Rxe7 22. Bf1 Bg4 23. Qa3 Rae8 24. Nd6 Rd8 25. N6xe4 Ncxe4 26. Qxe7 Rd7 27. Qb4 c5 28. Qa4 Nxd2 29. Bd3 Bf5 30. a6 b6 31. Qc6 Bxd3 32. cxd3 Nxb3 33. g4 Na5 34. Qc8+ Bf8 35. g5 Rxd3 36. gxf6 c4 37. Rc1 Rd6 38. Qc7 Rxf6 39.
Qxa7 Ba3 40. Qb8+ Kg7 41. a7 Nc6 42. Rxc4 1-0

[Event "*** Titled Tuesday Blitz"]
[Site "Chess.com"]
[Date "2019.05.07"]
[Round "6"]
[White "GMsKoRPioN"]
[Black "RojonR"]
[Result "1-0"]
[WhiteElo "2599"]
[BlackElo "2425"]
[TimeControl "180+2"]
[EndTime "14:26:07 PDT"]
[Termination "GMsKoRPioN won by resignation"]

1. d4 Nf6 2. c4 e5 3. dxe5 Ng4 4. e4 Nxe5 5. f4 Nec6 6. a3 a5 7.
Be3 Na6 8. Nf3 Bc5 9. Qd2 O-O 10. Nc3 d6 11. Bd3 Re8 12. O-O Bxe3+ 13. Qxe3 Nc5 14. Bc2 Be6 15. Nd5 Ne7 16. Ng5 Bxd5 17. exd5 h6 18. Qh3 Ng6 19. Nxf7 Kxf7 20. Qh5 Qf6 21. f5 Kg8 22.
Qxg6 Qxg6 23. fxg6 Re2 24. Rf2 Rae8 25. Raf1 Nd7 26.
Bf5 Rxf2 27. Rxf2 Nf8 28. Kf1 Re3 29. g4 a4 30. h4 c6 31. Re2 Rf3+ 32. Kg2 Rf4 33.
Re8 cxd5 34. cxd5 h5 35. Kg3 Rf1 36. Be6+ Kh8 37. Bf7 1-0

[Event "*** Titled Tuesday Blitz"]
[Site "Chess.com"]
[Date "2019.05.07"]
[Round "6"]
[White "SirStrateg"]
[Black "FedaMaster"]
[Result "0-1"]
[WhiteElo "2507"]
[BlackElo "2310"]
[TimeControl "180+2"]
[EndTime "14:26:08 PDT"]
[Termination "FedaMaster won by resignation"]

1. e4 d5 2. exd5 Qxd5 3. Nc3 Qd6 4. d4 Nf6 5. Nf3 a6 6. Ne5 Nc6 7. Nxc6 Qxc6 8. Bf4 Bg4 9. f3 Bf5 10. Qe2 O-O-O 11. O-O-O e6 12. Kb1 Bb4 13. Ne4 Nd5 14. Bc1 Qb6 15. Ka1 Bxe4 16. fxe4 Nc3 17. Qd2 Nxd1 18. c3 Nxc3 19. bxc3 Ba5 20. Qc2 Qc6 21.
Kb2 Qb6+ 22. Ka1 c5 23. Be3 Kb8 24. dxc5 Qc7 25. Be2 Qe5 26. Rc1 Rc8 27. g3 Ka8 28. Bd4 Qg5 29. e5 Qe7 30. Bf3 Rxc5 31. Qa4 Rhc8 32.
Rb1 R8c7 33. Bxc5 Qxc5 34. Rb3 Bxc3+ 35. Kb1 Qg1+ 36. Kc2 Qf2+ 37. Kd3 Qxf3+ 0-1

[Event "*** Titled Tuesday Blitz"]
[Site "Chess.com"]
[Date "2019.05.07"]
[Round "6"]
[White "Jenia84"]
[Black "Simoncelli15"]
[Result "0-1"]
[WhiteElo "2251"]
[BlackElo "2280"]
[TimeControl "180+2"]
[EndTime "14:26:10 PDT"]
[Termination "Simoncelli15 won by resignation"]

1. e4 e6 2. d4 d5 3. Bd3 dxe4 4. Bxe4 Nf6 5. Bf3 c5 6. Ne2 Nc6 7. Be3 cxd4 8. Nxd4 Ne5 9. Nc3 a6 10. Qe2 Nxf3+ 11. Qxf3 e5 12. Nf5 e4 13. Nxe4 Qa5+ 14. c3 Qxf5 15. Nxf6+ Qxf6 16. Qe4+ Qe6 17. Qd4 Be7 18.
Qxg7 Bf6 19. Qg3 Bd7 20. O-O Be5 21. Bf4 Bxf4 22. Qxf4 O-O 23. Rad1 Bc6 24. Rd3 f6 25. Re3 Qd5 26. Rg3+ Kh8 27. Qh6 Rf7 28. Re1 Rg8 29. Rxg8+ Kxg8 30. Qh3 h5 31. f3 Rg7 32. Qc8+ Kh7 33.
Qf8 Rxg2+ 34. Kh1 Rg7 0-1

[Event "*** Titled Tuesday Blitz"]
[Site "Chess.com"]
[Date "2019.05.07"]
[Round "6"]
[White "quesfr"]
[Black "IMRosen"]
[Result "0-1"]
[WhiteElo "2174"]
[BlackElo "2391"]
[TimeControl "180+2"]
[EndTime "14:26:14 PDT"]
[Termination "IMRosen won by resignation"]

1. e4 d5 2. exd5 Qxd5 3. Nc3 Qa5 4. d4 Nf6 5. Bc4 Bg4 6. Ne2 e6 7. h3 Bh5 8. Bf4 Bd6 9. Qd2 Nbd7 10. Nb5 Qxd2+ 11.
Bxd2 Ne4 12. Nxd6+ cxd6 13. Bb4 d5 14. Bd3 Bxe2 15. Kxe2 f5 16. Rhe1 Kf7 17. a4 Rhc8 18. a5 a6 19. Kf1 Rc6 20. Kg1 Rac8 21. Re2 g5 22. Rae1 h5 23. Kh1 h4 24. Kg1 Nf8 25.
b3 Ng6 26. Rc1 Nf4 27. Re3 Nxd3 28. Rxd3 Rxc2 29. Rxc2 Rxc2 30. f3 Rc1+ 31. Kh2 Ng3 0-1

[Event "*** Titled Tuesday Blitz"]
[Site "Chess.com"]
[Date "2019.05.07"]
[Round "6"]
[White "bluejay1897"]
[Black "SwamiChaturanga"]
[Result "1-0"]
[WhiteElo "2267"]
[BlackElo "2044"]
[TimeControl "180+2"]
[EndTime "14:26:15 PDT"]
[Termination "bluejay1897 won on time"]

1. Nf3 b6 2. g3 Bb7 3. Bg2 Nf6 4. O-O d6 5. d4 Nbd7 6. b3 e6 7. Bb2 g6 8. c4 Bg7 9. Nc3 O-O 10. Qc2 Qe7 11. e4 c5 12. d5 e5 13. Nd2 Nh5 14. f4 exf4 15. gxf4 Bd4+ 16. Kh1 Qf6 17. e5 Qh4 18.
Ne2 dxe5 19. Nf3 Qg4 20. fxe5 Bxb2 21. Qxb2 Rae8 22. Rae1 Re7 23. Neg1 Nf4 24. Re4 Qxg2+ 25. Qxg2 Nxg2 26. Kxg2 Rfe8 27. Rfe1 f6 28. e6 Nf8 29. Nh3 Kg7 30. Kg3 h6 31. Nf4 Rd8 32. Nd2 g5 33. Ng2 b5 34. Ne3 Kg6 35. Rf1 Nxe6 36. Nf5 1-0

[Event "*** Titled Tuesday Blitz"]
[Site "Chess.com"]
[Date "2019.05.07"]
[Round "6"]
[White "jacky72"]
[Black "pedromartinez91"]
[Result "1-0"]
[WhiteElo "2636"]
[BlackElo "2512"]
[TimeControl "180+2"]
[EndTime "14:26:17 PDT"]
[Termination "jacky72 won by resignation"]

1. d4 Nf6 2. c4 c5 3. d5 e6 4. Nc3 exd5 5. cxd5 Bd6 6. Bg5 O-O 7. e4 Re8 8. Qc2 h6 9. Bh4 Be5 10. f3 d6 11. Bb5 Bd7 12. Bxd7 Nbxd7 13. Nge2 b5 14. Nxb5 Rb8 15. Nbc3 Qb6 16. Rb1 c4 17. Bf2 Nc5 18. O-O Qa5 19. Bxc5 Qxc5+ 20. Kh1 Rb4 21. b3 cxb3 22.
Rxb3 Rc4 23. Qd3 Rc8 24. Nd1 g5 25. Ne3 Ra4 26. Rc1 Qxc1+ 27. Nxc1 Rxc1+ 28. Nf1 Rd4 29. Qa6 Rdd1 30. g3 Rxf1+ 31. Kg2 h5 32. Qxf1 Rxf1 33.
Kxf1 Bd4 34. Ke2 Bg1 35. h3 g4 36. hxg4 hxg4 37. Rb8+ Kg7 38. Rd8 gxf3+ 39. Kxf3 Bc5 40. Rc8 Nd7 41. Kf4 Kf6 42. g4 Ne5 43. g5+ Kg6 44. Rg8+ Kh7 45. Rb8 Kg6 46. Rg8+ Kh7 47. Rc8 Kg7 48. a4 Nd7 49. a5 Ne5 50. a6 Ng6+ 51. Kg4 Ne5+ 52. Kf5 Ng6 53. Rc7 Nh4+ 54. Kg4 Ng6 55. Kf5 Ne5 56. Rxc5 dxc5 57. Kxe5 Kf8 58. d6 Ke8 59. Kd5 c4 60. Kxc4 Kd7 61. Kd5 1-0

[Event "*** Titled Tuesday Blitz"]
[Site "Chess.com"]
[Date "2019.05.07"]
[Round "6"]
[White "mouseWLZ"]
[Black "Babas"]
[Result "1-0"]
[WhiteElo "2599"]
[BlackElo "2427"]
[TimeControl "180+2"]
[EndTime "14:26:18 PDT"]
[Termination "mouseWLZ won by checkmate"]

1. d4 Nf6 2. Bf4 c5 3. d5 d6 4. Nc3 g6 5. e4 Bg7 6. Nf3 O-O 7. Bd3 Bg4 8. O-O Nbd7 9. h3 Bxf3 10. Qxf3 Ne5 11.
Bxe5 dxe5 12. Qe3 Rc8 13. a4 Ne8 14. Rfd1 Nd6 15. Nb5 a6 16. Na3 c4 17. Bf1 f5 18. f3 h5 19. Rab1 Kh7 20. b3 c3 21.
Bd3 f4 22. Qa7 g5 23. Nc4 g4 24. hxg4 hxg4 25. Kf2 g3+ 26. Ke2 Rc7 27. Rh1+ Kg6 28. Qb6 Bf6 29. Rh3 Rh8 30. Rbh1 Rxh3 31. Rxh3 Nxc4 32. Bxc4 Qd6 33. Qxd6 exd6 34. Kd3 Rh7 35. Rxh7 Kxh7 36. b4 a5 37. bxa5 Bd8 38. a6 bxa6 39.
Bxa6 Kg7 40. Kxc3 Kf8 41. Kb4 Bb6 42. Kb5 Be3 43. a5 Ke7 44. Bc8 Kd8 45. Kc6 Kxc8 46. Kxd6 Bd4 47. c4 Kb8 48. c5 Kc8 49. a6 Kb8 50. Kc6 Kc8 51. d6 Kb8 52. d7 Bxc5 53.
d8=Q+ Ka7 54. Qc7+ Kxa6 55. Qb7+ Ka5 56. Qb5# 1-0

[Event "*** Titled Tuesday Blitz"]
[Site "Chess.com"]
[Date "2019.05.07"]
[Round "6"]
[White "DrBergerBerger"]
[Black "Casper_Schoppen"]
[Result "0-1"]
[WhiteElo "2429"]
[BlackElo "2665"]
[TimeControl "180+2"]
[EndTime "14:26:22 PDT"]
[Termination "Casper_Schoppen won by resignation"]

1. e4 c5 2. Nc3 Nc6 3. Bb5 Nd4 4. Nf3 Nxb5 5. Nxb5 d6 6. d4 a6 7. Nc3 cxd4 8.
Qxd4 e5 9. Qd3 h6 10. Be3 Nf6 11. O-O-O Be6 12. Nd2 Rc8 13. f4 Qc7 14. f5 Bc4 15.
Nxc4 Qxc4 16. Rhe1 Qxd3 17. Rxd3 Be7 18. b3 Kd7 19. Kb2 Rxc3 20. Rxc3 Nxe4 21. Rd3 b5 22. a3 Nf6 23. Bf2 Kc6 24. Bh4 Rd8 25. c3 Ng8 26. Bf2 Bf6 27. Kc2 d5 28. Bg3 e4 29. Rdd1 h5 30. Bf2 Nh6 31. Bd4 Bxd4 32. Rxd4 Nxf5 33. Rdd1 Rd6 34. Rf1 Ne3+ 35. Kd2 Nxd1 36. Kxd1 Rf6 0-1

[Event "*** Titled Tuesday Blitz"]
[Site "Chess.com"]
[Date "2019.05.07"]
[Round "6"]
[White "mitrabhaa"]
[Black "bugsbunny444"]
[Result "1-0"]
[WhiteElo "2665"]
[BlackElo "2563"]
[TimeControl "180+2"]
[EndTime "14:26:27 PDT"]
[Termination "mitrabhaa won by resignation"]

1. d4 e6 2. Nf3 c5 3. c3 Nc6 4. Bf4 Nf6 5. e3 d5 6. Nbd2 cxd4 7. exd4 Nh5 8. Be3 Bd6 9. Bd3 Nf4 10. Bxf4 Bxf4 11.
O-O O-O 12. Re1 Qd6 13. g3 Bh6 14. Qe2 Bd7 15. Nf1 Rae8 16. h4 f6 17. Qc2 e5 18.
Bxh7+ Kh8 19. Bg6 Re7 20. h5 e4 21. Nh4 f5 22. Ne3 Bxe3 23. fxe3 Qxg3+ 24. Ng2 f4 25. exf4 Rxf4 26. Rf1 Rf3 27. Rf2 Bh3 28. Raf1 Re6 29. Qe2 Ref6 30. Rxf3 Rxf3 31. Rxf3 Qxf3 32. Qxf3 exf3 33.
Nf4 Bg4 34. Nxd5 Be6 35. Ne3 Bxa2 36. Kf2 Ne7 37. Be4 b6 38. d5 Nc8 39. Kxf3 Kg8 40.
Kf4 Kf7 41. Ke5 a5 42. d6 Be6 43. Bg6+ 1-0

[Event "*** Titled Tuesday Blitz"]
[Site "Chess.com"]
[Date "2019.05.07"]
[Round "6"]
[White "Sashadav97"]
[Black "Jbd735"]
[Result "0-1"]
[WhiteElo "2532"]
[BlackElo "2485"]
[TimeControl "180+2"]
[EndTime "14:26:27 PDT"]
[Termination "Jbd735 won by resignation"]

1. d4 d5 2. c4 c6 3. Nf3 e6 4.
Nc3 Nf6 5. Bg5 dxc4 6. e4 b5 7. e5 h6 8. Bh4 g5 9. Nxg5 hxg5 10.
Bxg5 Nbd7 11. exf6 Bb7 12. Qf3 Qb6 13. h4 O-O-O 14.
Be2 Qxd4 15. Rd1 Ne5 16. Qg3 Nd3+ 17. Bxd3 cxd3 18. O-O a6 19. Bf4 c5 20. Bg5 c4 21.
Rfe1 Bd6 22. Qe3 Qxe3 23. Rxe3 Bc5 24. a3 Bxe3 25. fxe3 Bc6 26. Kf2 a5 27. Na2 Kc7 28. Bf4+ Kb6 29. g3 Rd7 30. Be5 Rd5 31. Bd4+ Kb7 32.
Nc3 Rf5+ 33. Ke1 e5 34. e4 exd4 35. exf5 dxc3 36. bxc3 Bf3 37. Rb1 Kc6 38. Kf2 Bg4 39. Ke3 Bxf5 40. Kf4 Bg6 41. Rd1 Re8 42. g4 Re2 43. h5 Bh7 44. g5 Kd5 45. Kg3 Ke6 46. Rf1 Re3+ 47. Kh2 Re5 48. g6 Rxh5+ 49. Kg3 Bxg6 50.
Kg4 Rf5 51. Re1+ Kxf6 52. Rd1 Rd5 53. a4 Bh5+ 54. Kf4 Bxd1 55. axb5 Rxb5 0-1

[Event "*** Titled Tuesday Blitz"]
[Site "Chess.com"]
[Date "2019.05.07"]
[Round "6"]
[White "rasmussvane"]
[Black "Sutormin_DA"]
[Result "1-0"]
[WhiteElo "2809"]
[BlackElo "2531"]
[TimeControl "180+2"]
[EndTime "14:26:30 PDT"]
[Termination "rasmussvane won by resignation"]

1. Nf3 d6 2. d4 g6 3. g3 Bg7 4. Bg2 Nf6 5. O-O O-O 6. b3 Nbd7 7. Bb2 e5 8. dxe5 Ng4 9. Nc3 Ngxe5 10. Qd2 Nc5 11.
Rad1 Nxf3+ 12. Bxf3 Bh3 13. Rfe1 a5 14. Qc1 c6 15. Na4 Nxa4 16. bxa4 Bxb2 17. Qxb2 Qe7 18. c4 Be6 19. Rd4 Rad8 20. Red1 Rd7 21. Qb6 Qg5 22. Rxd6 Rxd6 23. Rxd6 Bxc4 24. Qxb7 c5 25. Qb2 Be6 26.
h4 Qe7 27. Ra6 c4 28. Rxa5 Rc8 29. Qc3 Qc7 30. Ra6 h5 31. a5 Qd7 32. Kg2 Bh3+ 33.
Kh2 Bg4 34. Rf6 Be6 35. Rf4 Qa4 36. Bb7 Rc7 37. Rd4 Rd7 38. a6 Qxa2 39. Rxd7 Bxd7 40. Qd4 Qxe2 41. a7 1-0

[Event "*** Titled Tuesday Blitz"]
[Site "Chess.com"]
[Date "2019.05.07"]
[Round "6"]
[White "Mimsychess"]
[Black "Denis_Palkovich"]
[Result "1-0"]
[WhiteElo "2347"]
[BlackElo "2257"]
[TimeControl "180+2"]
[EndTime "14:26:30 PDT"]
[Termination "Mimsychess won on time"]

1. e4 c6 2. d4 d5 3. e5 c5 4. dxc5 e6 5. a3 Bxc5 6. Bd3 Ne7 7.
Nf3 Nbc6 8. O-O Ng6 9. Qe2 Nd4 10.
Nxd4 Bxd4 11. c3 Bxe5 12. Bxg6 Bxh2+ 13. Kxh2 Qh4+ 14. Kg1 hxg6 15. f4 Bd7 16. Nd2 Qh2+ 17. Kf2 Qxf4+ 18. Nf3 Qa4 19. Nd4 O-O-O 20. Bf4 f6 21. b3 Qa5 22. b4 Qb6 23. a4 e5 24. a5 Qd6 25. Bg3 Qe7 26. a6 b6 27.
c4 Qf7 28. cxd5 Qxd5 29. Rac1+ Kb8 30. Rfd1 1-0

[Event "*** Titled Tuesday Blitz"]
[Site "Chess.com"]
[Date "2019.05.07"]
[Round "6"]
[White "TheGandhiOfChess"]
[Black "sergeikim"]
[Result "1-0"]
[WhiteElo "2386"]
[BlackElo "2454"]
[TimeControl "180+2"]
[EndTime "14:26:31 PDT"]
[Termination "TheGandhiOfChess won by resignation"]

1. e4 e5 2. Nf3 Nc6 3. d4 exd4 4.
Nxd4 Bc5 5. Nxc6 Qf6 6. Qf3 dxc6 7. Nc3 Be6 8. Bd3 O-O-O 9. Be3 Bd4 10. Qxf6 Nxf6 11. Bxd4 Rxd4 12. Ne2 Rd7 13. f3 c5 14. b3 c6 15. O-O-O Kc7 16. g4 b5 17. c4 Rhd8 18. Nf4 Kb6 19. e5 Ne8 20. Nxe6 fxe6 21.
Bxh7 Ka5 22. Rxd7 Rxd7 23. Be4 Rc7 24. Kb2 b4 25. Rd1 g5 26. Rd8 Re7 27. Bxc6 Nc7 28. Rg8 Rh7 29. Rxg5 Rxh2+ 30. Kb1 Rh1+ 31. Kc2 Rh2+ 32.
Kd3 Rxa2 33. Rg7 Kb6 34. Ba4 Rf2 35. Ke3 Rf1 36. g5 Re1+ 37. Kf4 Rh1 38. g6 Rh4+ 39. Kg5 Rh3 40. f4 Nd5 41. cxd5 exd5 42. e6 c4 43. bxc4 dxc4 44. e7 Re3 45. f5 b3 46.
f6 b2 47. Bc2 Re2 48. Bb1 Re1 49. Ba2 c3 50. Bb1 Rg1+ 51. Kf4 Rxb1 52. e8=Q Rf1+ 53. Kg3 b1=Q 54. Qb8+ Kc5 55. Rc7+ Kd4 56. Qxb1 Rxb1 57. f7 Rg1+ 58. Kf2 1-0

[Event "*** Titled Tuesday Blitz"]
[Site "Chess.com"]
[Date "2019.05.07"]
[Round "6"]
[White "c63_amg"]
[Black "Gentlejimmy7"]
[Result "0-1"]
[WhiteElo "2654"]
[BlackElo "2481"]
[TimeControl "180+2"]
[EndTime "14:26:40 PDT"]
[Termination "Gentlejimmy7 won on time"]

1. e4 c5 2. Nf3 e6 3. d4 cxd4 4. Nxd4 Nf6 5. Nc3 Nc6 6. a3 Be7 7. Nxc6 bxc6 8. e5 Nd5 9. Nxd5 cxd5 10. Bd3 d6 11. Qg4 g6 12. Bf4 dxe5 13. Bxe5 Bf6 14. Bb5+ Kf8 15. Bxf6 Qxf6 16. Qb4+ Kg7 17. O-O a5 18.
Qc5 Ba6 19. Bxa6 Rxa6 20. c3 Rb8 21. b4 Rab6 22. Rfc1 Rb5 23. Qc7 axb4 24. cxb4 R5b7 25. Qd6 Rb6 26. Qc5 Rb5 27. Qd6 R5b6 28. Qc7 R6b7 29. Qg3 h5 30. h4 e5 31. Rc5 Rb5 32. Rxb5 Rxb5 33. Qd3 e4 34. Qb1 Qc3 35. Ra2 d4 36. Qxe4 d3 37. Kh2 Re5 38. Qf4 Re2 0-1

[Event "*** Titled Tuesday Blitz"]
[Site "Chess.com"]
[Date "2019.05.07"]
[Round "6"]
[White "Taron_Shagbazyan"]
[Black "SoltaniciR"]
[Result "1-0"]
[WhiteElo "2732"]
[BlackElo "2510"]
[TimeControl "180+2"]
[EndTime "14:26:44 PDT"]
[Termination "Taron_Shagbazyan won by resignation"]

1. d4 Nf6 2. c4 Nc6 3. Nc3 e5 4. d5 Ne7 5. e4 Ng6 6. Be3 Bb4 7. Bd3 Bxc3+ 8. bxc3 d6 9. f3 O-O 10.
g3 Nd7 11. h4 c6 12. h5 Ne7 13. g4 Qc7 14. Qd2 cxd5 15. cxd5 Nc5 16. Bc2 Bd7 17. Ne2 Rac8 18. Rc1 b6 19. Ng3 Nb7 20. Bb1 Na5 21. Bd3 Nc4 22. Bxc4 Qxc4 23. Nf5 Bxf5 24. gxf5 f6 25. Rg1 Rf7 26. Rc2 b5 27. Kd1 a5 28.
Bb6 a4 29. Ba5 Ra8 30. Bb4 Nc8 31. h6 Raa7 32. Qe3 Kh8 33. Rcg2 Rad7 34. hxg7+ Rxg7 35. Qh6 Qc7 36. Qxf6 Kg8 37. Qe6+ Kf8 38. f6 Rxg2 39. Rxg2 Rf7 40. Qg4 Rxf6 41. Qg8+ Ke7 42. Rg7+ 1-0

[Event "*** Titled Tuesday Blitz"]
[Site "Chess.com"]
[Date "2019.05.07"]
[Round "6"]
[White "DenishevM"]
[Black "LonesomeGeorge1"]
[Result "1-0"]
[WhiteElo "2596"]
[BlackElo "2373"]
[TimeControl "180+2"]
[EndTime "14:26:45 PDT"]
[Termination "DenishevM won by resignation"]

1. d4 Nf6 2. Nf3 e6 3. Bf4 Be7 4. e3 Nh5 5. Bg3 c5 6. c3 Nxg3 7. hxg3 Qb6 8. Qc2 h6 9. Nbd2 Nc6 10. Bd3 cxd4 11. exd4 d6 12. O-O O-O 13. Rfe1 Bd7 14.
Nc4 Qc7 15. Qe2 Bf6 16. Qe4 g6 17. Qf4 Bg7 18. Qxd6 Rfc8 19. Qxc7 Rxc7 20. Nd6 a6 21. Ne4 Na5 22. Rad1 b5 23. Nc5 Bc6 24. Ne5 Bd5 25. b3 Nb7 26. Nxb7 Bxb7 27. c4 bxc4 28. bxc4 Rd8 29.
Bf1 Bf8 30. c5 a5 31. a4 Bd5 32. Bb5 Bb3 33. Rd3 Bc2 34. Rc3 Bf5 35. g4 f6 36. Nc6 Rxc6 37. Bxc6 Bxg4 38. f3 Bf5 39. g4 Bxg4 40. fxg4 Rxd4 41. Bf3 e5 42. c6 Bb4 43. c7 1-0

[Event "*** Titled Tuesday Blitz"]
[Site "Chess.com"]
[Date "2019.05.07"]
[Round "6"]
[White "H3nriqueTV"]
[Black "PNEPaul"]
[Result "1-0"]
[WhiteElo "1999"]
[BlackElo "1836"]
[TimeControl "180+2"]
[EndTime "14:26:45 PDT"]
[Termination "H3nriqueTV won by resignation"]

1. e4 e5 2. Nf3 Nc6 3. Bc4 Be7 4. O-O Nf6 5. Re1 Nxe4 6. Bxf7+ Kxf7 7. Rxe4 d5 8.
Nxe5+ Nxe5 9. Rxe5 Bd6 10. Qf3+ Qf6 11. Qxf6+ gxf6 12. Re1 Bf5 13. d3 Rhe8 14. Rf1 Re2 15. Nc3 Rxc2 16. Nxd5 Bxd3 17. Rd1 Be2 18. Re1 Re8 19. Ne3 Rxe3 20. Bxe3 Rxb2 21. Rab1 Rxa2 22. Rxb7 a5 23. Bd4 a4 24. Rb2 Bc4 25. Rxa2 Bxa2 26. Rc1 Bb3 27. Rc3 Bd5 28. Bc5 Ke6 29. Re3+ Kd7 30.
Bd4 f5 31. Rh3 Bg8 32. Rh5 f4 33. Rg5 Be6 34. Rg7+ Kc6 35. Rxh7 Kd5 36. Bh8 a3 37. h4 a2 38. Rh5+ Kc4 39. Ra5 Kb3 40. h5 Bb4 41.
Ra7 Bc3 42. Bxc3 Kxc3 43. h6 1-0

[Event "*** Titled Tuesday Blitz"]
[Site "Chess.com"]
[Date "2019.05.07"]
[Round "6"]
[White "2165149677570"]
[Black "Saitama_Hero"]
[Result "0-1"]
[WhiteElo "2333"]
[BlackElo "2241"]
[TimeControl "180+2"]
[EndTime "14:26:46 PDT"]
[Termination "Saitama_Hero won by resignation"]

1. d4 Nf6 2. c4 g6 3. f3 Nh5 4. e4 e5 5. d5 Qh4+ 6. Kd2 Bc5 7. Ne2 O-O 8. Kc2 d6 9. g4 Ng7 10. a3 a5 11. Ng3 f5 12. gxf5 gxf5 13. Bd3 fxe4 14. fxe4 Rf2+ 15. Bd2 Bg4 16. Qe1 Nd7 17. Nc3 Raf8 18. Nd1 Rxh2 19. Rxh2 Qxh2 20. Ne3 Bxe3 21. Qxe3 Rf3 22. Qg5 Qxg3 23. Be2 h6 24. Qg6 Nf8 25.
Qxh6 Rf2 26. Bxg4 Qxg4 27. Re1 Qg2 28. Kc1 Ng6 29. Rh1 Nf4 30. Qh8+ Kf7 31. Rh7 Rxd2 32.
Rxg7+ Qxg7 33. Qxg7+ Kxg7 34. Kxd2 b6 35. b4 axb4 36.
axb4 Kf6 37. c5 bxc5 38. bxc5 dxc5 39. Kc3 Ke7 40. Kc4 Kd6 0-1